 Dungeon Crawl Stone Soup version 0.22.0 (webtiles) character file.

23746 Blackhawk the Fighter (level 12, -3/116 HPs)
             Began as a Minotaur Berserker on Oct 20, 2018.
             Was a High Priest of Trog.
             Slain by an entropy weaver (13 damage)
             ... on level 5 of the Lair of Beasts on Oct 21, 2018.
             The game lasted 00:55:31 (12377 turns).

Blackhawk the Fighter (Minotaur Berserker)         Turns: 12377, Time: 00:55:31

Health: -3/116     AC:  0    Str: 32    XL:     12   Next: 74%
Magic:  11/11      EV:  8    Int:  4    God:    Trog [*****.]
Gold:   790        SH: 14    Dex: 12    Spells: 11/11 levels left

rFire    + . .     SeeInvis +   T - +2 flail (crush)
rCold    + + .     Gourm    .   J - +2 shield
rNeg     . . .     Faith    .   b - +0 crystal plate armour
rPois    .         Spirit   .   K - +2 hat {SInv}
rElec    .         Reflect  .   x - scarf {rC+ rF+}
rCorr    .         Harm     .   r - +0 pair of gloves {Str+3}
MR       .....                  n - +1 pair of boots
Stlth    ..........             (no amulet)
HPRegen  0.29/turn              q - +4 ring of strength
MPRegen  0.12/turn              t - ring of protection from cold

@: corroded, berserk cooldown, slowed, very slow
A: retaliatory headbutt, horns 2
a: Berserk, Trog's Hand, Brothers in Arms, Renounce Religion


You were on level 5 of the Lair of Beasts.
You worshipped Trog.
Trog was extremely pleased with you.
You were near starving.

You visited 2 branches of the dungeon, and saw 13 of its levels.
You also visited: Ossuary.

You collected 790 gold pieces.

Inventory:

Hand Weapons
 a - a +0 hand axe
 w - a +0 war axe
 B - a +0 mace
 H - a +2 hand axe of draining
 M - a +1 antimagic great mace
 P - the +11 quarterstaff of Fonleul {elec, rC+ rN+ Str-4, unknown}
   (You found it on level 4 of the Lair of Beasts)

   Occasionally, upon striking a foe, it will discharge some electrical energy
   and cause terrible harm.
   It affects your strength (-4).
   It protects you from cold.
   It protects you from negative energy.
 T - a +2 flail of crushing (weapon)
Armour
 b - a +0 crystal plate armour (worn)
 n - a +1 pair of boots (worn)
 p - a +2 cloak
 r - a +0 pair of gloves of strength (worn)
 x - a scarf of resistance (worn)
 J - a +2 shield (worn)
 K - a +2 hat of see invisible (worn)
Jewellery
 q - a +4 ring of strength (left hand)
 t - a ring of protection from cold (right hand)
 C - an uncursed ring of protection from magic
 G - an uncursed amulet of the acrobat {unknown}
Wands
 d - a wand of flame (17)
 e - a wand of polymorph (31)
 g - a wand of random effects (79)
 j - a wand of enslavement (25)
 y - a wand of clouds (2)
 D - a wand of acid (8)
 N - a wand of disintegration (12)
 S - a wand of iceblast (10)
Scrolls
 h - 7 scrolls of remove curse
 i - 6 scrolls of identify
 k - 7 scrolls of teleportation
 m - 2 scrolls of blinking
 o - a scroll of summoning {unknown}
 u - 2 scrolls of fog
 A - 4 scrolls of magic mapping
 I - a scroll of enchant armour
 Q - a scroll of enchant weapon {unknown}
Potions
 f - a potion of heal wounds
 l - 2 potions of invisibility
 s - 4 potions of curing
 v - a potion of flight {unknown}
 z - 3 potions of degeneration
 E - 5 potions of haste
 F - 2 potions of might
 L - 3 potions of lignification {unknown}
 R - a potion of resistance
Comestibles
 c - 14 rations


   Skills:
 + Level 13.8 Fighting
 + Level 13.8 Axes
 + Level 13.6 Armour
 - Level 5.6 Dodging
 + Level 7.7 Shields


You had 11 spell levels left.
You didn't know any spells.
Your spell library contained the following spells:

 Spells                   Type           Power        Failure   Level  Hunger
 Bolt of Magma            Conj/Fire/Erth #.........   100%        5    ######.
 Throw Frost              Conj/Ice       #.....       100%        2    ###....
 Venom Bolt               Conj/Pois      #.........   100%        5    ######.
 Lehudib's Crystal Spear  Conj/Erth      #.........   100%        8    #######
 Fire Storm               Conj/Fire      #.........   100%        9    #######
 Freeze                   Ice            #...         100%        1    ##.....
 Summon Ice Beast         Ice/Summ       #.......     100%        4    #####..
 Ozocubu's Armour         Chrm/Ice       #.......     100%        3    ####...
 Poison Arrow             Conj/Pois      #.........   100%        6    #######
 Iron Shot                Conj/Erth      #.........   100%        6    #######
 Throw Icicle             Conj/Ice       #.......     100%        4    #####..
 Glaciate                 Conj/Ice       #.........   100%        9    #######
 Chain Lightning          Conj/Air       #.........   100%        8    #######
 Orb of Destruction       Conj           #.........   100%        7    #######
 Iskenderun's Battlesphe  Conj/Chrm      #.......     100%        5    ######.
 Spellforged Servitor     Conj/Summ      #.........   100%        7    #######


Dungeon Overview and Level Annotations

Branches:
Dungeon (8/15)             Temple (0/1) D:7            Lair (5/6) D:8
  Swamp (0/4) Lair:4        Snake (0/4) Lair:3
  Slime: Lair:5-6

Altars:
Hepliaklqana
Vehumet
Xom
Zin
Beogh

Annotations:
D:7 2 transporters, BigChef's ghost, novice DsCK
Lair:1 exclusion: 3 oklob plants
Lair:4 1 runed door, PrincessPwny's ghost, journeyman MiBe


Innate Abilities, Weirdness & Mutations

You reflexively headbutt those who attack you in melee.
You have a pair of horns on your head.


Message History

The entropy weaver barely misses you.
You barely miss the entropy weaver.
The entropy weaver is lightly wounded.
The entropy weaver mumbles some strange words.
The entropic weave corrodes you! The entropy weaver hits you. x2
The entropy weaver hits you! You block the entropy weaver's attack.
You hit the entropy weaver but do no damage.
You headbutt the entropy weaver, but do no damage.
The entropy weaver is lightly wounded.
The entropy weaver hits you! The entropy weaver hits you.
The entropy weaver hits you!
* * * LOW HITPOINT WARNING * * *
The entropy weaver hits you.
* * * LOW HITPOINT WARNING * * *
You miss the entropy weaver.
The entropy weaver is lightly wounded.
The entropy weaver hits you!
* * * LOW HITPOINT WARNING * * *
You block the entropy weaver's attack. x2; The entropy weaver hits you!
You die...

#[.....................
#......................
##.....................
#P#...................
# ##aa................
#aaa...............
#aaaa..............
##a#a####.......##.
#@### #.#P..##.#. ###
########... ###. #. #..
#.. ###


You could see an entropy weaver, 6 soldier ants and 2 worker ants.

Vanquished Creatures
  Gastronok (Lair:2)
  An entropy weaver (Lair:5)
  3 hydras
  A queen ant (Lair:5)
  Pikel (D:6)
  An ugly thing (D:6)
  3 black mambas
  Joseph (D:7)
  A rime drake (Lair:4)
  Psyche (D:8)
  7 spiny frogs
  7 komodo dragons
  6 blink frogs
  3 hippogriffs
  Sigmund (D:5)
  7 dream sheep (Lair:4)
  20 yaks
  2 basilisks
  3 wargs (D:8)
  2 soldier ants (Lair:5)
  Duvessa (D:7)
  7 porcupines
  An ice beast (D:5)
  6 orc warriors
  A necrophage (D:8)
  An ogre (D:5)
  A slave (D:6)
  3 wolves (Lair:4)
  A centaur (D:7)
  12 crocodiles
  8 bullfrogs
  Dowan (D:7)
  2 scorpions
  A water moccasin skeleton (D:7)
  4 killer bees (D:7)
  5 wights (D:7)
  A howler monkey (D:8)
  A crimson imp (D:8)
  2 centaur zombies
  2 jellies
  2 human zombies (Ossuary)
  5 orc priests
  A centaur skeleton (D:5)
  A hound (D:8)
  A bullfrog skeleton (D:5)
  5 worker ants
  2 iguanas
  6 orc wizards
  A killer bee zombie (D:8)
  3 big kobold zombies (Ossuary)
  A hound skeleton (D:5)
  2 mummies (Ossuary)
  Robin (D:4)
  4 gnolls
  7 adders
  A shadow imp (D:8)
  4 oozes
  3 adder zombies
  6 dart slugs
  2 leopard geckos
  42 orcs
  5 giant cockroaches
  11 hobgoblins
  4 jackals (D:4)
  6 quokkas
  A ball python (D:3)
  6 bats
  9 frilled lizards
  15 goblins
  A goblin zombie (Ossuary)
  8 hobgoblin zombies (Ossuary)
  6 kobolds
  8 kobold zombies (Ossuary)
  9 orc zombies (Ossuary)
  A quokka skeleton (D:4)
  A quokka zombie (D:7)
  6 rats
  4 rat zombies (Ossuary)
  3 fungi
  A plant (Lair:3)
338 creatures vanquished.

Vanquished Creatures (others)
  A hungry ghost (D:6)
  A slave (D:6)
  An orc (D:6)
  2 fungi
  10 plants
15 creatures vanquished.

Grand Total: 353 creatures vanquished

Notes
Turn   | Place    | Note
-------+----------+-------------------------------------------
     0 | D:1      | Blackhawk the Minotaur Berserker began the quest for the Orb.
     0 | D:1      | Reached XP level 1. HP: 19/19 MP: 0/0
   285 | D:1      | Reached XP level 2. HP: 26/27 MP: 1/1
   770 | D:1      | Reached XP level 3. HP: 33/33 MP: 2/2
   776 | D:1      | Reached ** piety under Trog
  1728 | D:2      | Reached XP level 4. HP: 41/41 MP: 3/3
  2471 | D:4      | Reached *** piety under Trog
  2471 | D:4      | Reached XP level 5. HP: 47/47 MP: 4/4
  2720 | D:4      | Reached skill level 5 in Fighting
  2720 | D:4      | Reached skill level 5 in Axes
  2817 | D:4      | Noticed Robin
  2832 | D:4      | Killed Robin
  3175 | D:5      | Entered Level 5 of the Dungeon
  3209 | D:5      | Noticed an ice beast
  3217 | D:5      | Killed an ice beast
  3217 | D:5      | Reached XP level 6. HP: 39/56 MP: 5/5
  3352 | D:5      | Reached skill level 5 in Armour
  3675 | D:5      | Reached XP level 7. HP: 38/63 MP: 6/6
  3814 | D:5      | Noticed Sigmund
  3835 | D:5      | Killed Sigmund
  4109 | D:6      | Noticed Pikel
  4123 | D:6      | Killed Pikel
  4123 | D:6      | Reached XP level 8. HP: 74/74 MP: 7/7
  4261 | D:6      | Found a sand-covered staircase.
  4552 | Ossuary  | Entered an ossuary
  4580 | Ossuary  | Reached **** piety under Trog
  4850 | D:6      | Noticed a brown ugly thing
  4861 | D:6      | Killed a brown ugly thing
  5406 | D:7      | Reached XP level 9. HP: 78/82 MP: 8/8
  5645 | D:7      | Identified 2 scrolls of acquirement
  5722 | D:7      | Noticed Joseph
  5747 | D:7      | Killed Joseph
  5753 | D:7      | Noticed BigChef's ghost (novice DsCK)
  5754 | D:7      | Found a transporter.
  5760 | D:7      | Noticed a cyclops
  5824 | D:7      | Noticed Duvessa
  5841 | D:7      | Killed Duvessa
  5844 | D:7      | Noticed Dowan
  5869 | D:7      | Killed Dowan
  5886 | D:7      | Found a transporter.
  5927 | D:7      | Found a hazy altar of Hepliaklqana.
  5928 | D:7      | Found a radiant altar of Vehumet.
  5928 | D:7      | Found a shimmering altar of Xom.
  5929 | D:7      | Found a glowing silver altar of Zin.
  5988 | D:7      | Found a staircase to the Ecumenical Temple.
  6042 | D:7      | Reached ***** piety under Trog
  6052 | D:7      | Reached skill level 10 in Axes
  6057 | D:7      | Reached skill level 10 in Fighting
  6488 | D:8      | Reached skill level 10 in Armour
  6492 | D:8      | Noticed Psyche
  6498 | D:8      | Killed Psyche
  6498 | D:8      | Reached XP level 10. HP: 94/94 MP: 9/9
  6518 | D:8      | Found a staircase to the Lair.
  6932 | D:8      | Found a roughly hewn altar of Beogh.
  7600 | Lair:1   | Entered Level 1 of the Lair of Beasts
  7604 | Lair:1   | Noticed a spiny frog
  7616 | Lair:1   | Killed a spiny frog
  8334 | Lair:1   | Noticed a four-headed hydra
  8351 | Lair:1   | Killed a four-headed hydra
  8534 | Lair:1   | Noticed an oklob plant
  8534 | Lair:1   | Noticed an oklob plant
  8534 | Lair:1   | Noticed an oklob plant
  8873 | Lair:2   | Noticed Gastronok
  8892 | Lair:2   | Killed Gastronok
  8892 | Lair:2   | Reached skill level 5 in Dodging
  8892 | Lair:2   | Reached XP level 11. HP: 55/104 MP: 10/10
  9104 | Lair:2   | Received a gift from Trog
  9104 | Lair:2   | Reached skill level 1 in Shields
  9893 | Lair:3   | Found a staircase to the Snake Pit.
 10458 | Lair:4   | Got a warped quarterstaff
 10482 | Lair:4   | Noticed an eight-headed hydra
 10492 | Lair:4   | Killed an eight-headed hydra
 10711 | Lair:4   | Reached skill level 5 in Shields
 10717 | Lair:4   | Reached XP level 12. HP: 92/113 MP: 11/11
 10908 | Lair:4   | Found a runed door.
 10948 | Lair:4   | Noticed PrincessPwny's ghost (journeyman MiBe)
 11187 | Lair:4   | Found a staircase to the Swamp.
 12298 | Lair:5   | Noticed a six-headed hydra
 12304 | Lair:5   | Killed a six-headed hydra
 12336 | Lair:5   | Noticed an entropy weaver
 12336 | Lair:5   | Noticed a queen ant
 12337 | Lair:5   | Noticed an entropy weaver
 12356 | Lair:5   | Killed an entropy weaver
 12362 | Lair:5   | Killed a queen ant
 12377 | Lair:5   | Slain by an entropy weaver

Skill      XL: |  1  2  3  4  5  6  7  8  9 10 11 12 |
---------------+-------------------------------------+-----
Fighting       | 4 5 6 7 8 10 11 12 13 | 13.8
Axes           | 4 5 6 7 8 10 12 13 | 13.8
Armour         | 3 4 5 7 8 10 11 12 13 | 13.6
Dodging        | 5 |  5.6
Shields        | 5 7 |  7.7

Action                   |  1- 3 |  4- 6 |  7- 9 | 10-12 || total
-------------------------+-------+-------+-------+-------++-------
Melee: Hand axe          |    90 |   164 |   288 |   365 ||   907
       Headbutt          |    18 |    36 |    67 |   127 ||   248
       Mace              |       |       |       |    11 ||    11
       Great mace        |       |       |       |     4 ||     4
       Flail             |       |       |       |   114 ||   114
Invok: Berserk           |       |       |     2 |     2 ||     4
  Use: Scroll            |       |       |    16 |     1 ||    17
       Potion            |       |       |     8 |       ||     8
  Eat: Chunk             |     3 |     6 |     3 |    17 ||    29
       Ration            |       |       |     2 |     1 ||     3
Armor: Animal skin       |     9 |       |       |       ||     9
       Chain mail        |     8 |    97 |    64 |       ||   169
       Crystal plate arm |       |       |    74 |   260 ||   334
Dodge: Dodged            |    45 |    75 |    99 |   106 ||   325
Block: Shield            |       |       |       |   204 ||   204
